 Dungeon Crawl Stone Soup version 0.30-a0-377-g5cb311bc9f (webtiles) character file.

Game seed: 13330882089634731294

61 Twinkles the Sneak (level 4, 0/23 HPs)
             Began as a Vine Stalker Brigand on Nov 28, 2022.
             Was a Follower of Uskayaw.
             Killed by divine providence
             ... invoked by an orc priest
              (9 damage)
             ... on level 3 of the Dungeon.
             The game lasted 00:05:45 (1473 turns).

Twinkles the Sneak (Vine Stalker Brigand)           Turns: 1473, Time: 00:05:45

Health: 0/23       AC:  6    Str: 13    XL:     4   Next: 7%
Magic:  0/5        EV: 11    Int: 11    God:    Uskayaw [*.....]
Gold:   111        SH:  0    Dex: 18    Spells: 3/3 levels left

rFire   + . .      SeeInvis .    m - +0 dagger (venom)
rCold   + . .      Faith    .    (no shield)
rNeg    . . .      Spirit   +    v - +2 leather armour {rF+}
rPois   .          Reflect  .    (no helmet)
rElec   .          Harm     .    c - +0 cloak
rCorr   .          Rampage  .    (no gloves)
Will    +....                    (no boots)
Stlth   +++.......               (no amulet)
HPRegen 1.03/turn                j - ring of willpower
MPRegen 0.09/turn                p - ring of protection from cold

@: no status effects
A: fangs 2, regeneration 1, magic shield, antimagic bite, no potion heal 2
a: Renounce Religion, Stomp


You were on level 3 of the Dungeon.
You worshipped Uskayaw.
Uskayaw was noncommittal.
You visited 1 branch of the dungeon, and saw 3 of its levels.

You collected 111 gold pieces.

Inventory:

Hand Weapons
 a - a +2 dagger
 m - a +0 dagger of venom (weapon)
Missiles
 d - 20 poisoned darts (quivered)
 e - 3 curare-tipped darts
Armour
 b - a +0 robe
 c - a +0 cloak (worn)
 h - a +0 chain mail
 l - a +0 scale mail
 v - a +2 leather armour of fire resistance (worn)
Jewellery
 j - a ring of willpower (left hand)
 p - a ring of protection from cold (right hand)
Scrolls
 g - a scroll of silence {unknown}
 i - a scroll of blinking {unknown}
 k - a scroll of poison {unknown}
 o - 2 scrolls of identify {unknown}
 r - a scroll of enchant armour {unknown}
 s - a scroll of teleportation {unknown}
Potions
 f - 2 potions of curing {unknown}
 n - a potion of heal wounds {unknown}
 q - a potion of invisibility {unknown}
 t - a potion of haste {unknown}
 u - a potion of mutation {unknown}


   Skills:
 + Level 2.2 Fighting
 + Level 2.2 Short Blades
 + Level 2.2 Throwing
 + Level 1.4 Dodging
 + Level 5.3 Stealth
 + Level 0.5 Invocations


You had 3 spell levels left.
You didn't know any spells.
Your spell library was empty.

Dungeon Overview and Level Annotations

Branches:
Dungeon (3/15) Zot: 16537

Altars:
Uskayaw

Shops:
D:1 *   D:2 *


Innate Abilities, Weirdness & Mutations

You have extremely sharp teeth.
Your natural rate of healing is unusually fast.
When hurt, damage is shared between your health and your magic reserves.
Your bite disrupts and absorbs the magic of your enemies.
Potions cannot restore your health.


Message History

You hit the adder but do no damage.
The adder is poisoned.
Your bite misses the adder. The adder bites you but does no damage.
The adder bites you.
You are poisoned.
The adder poisons you!
You feel sick. The ball python barely misses you. The ball python grabs you.
The ball python constricts you.
The orc wizard casts a spell.
The orc wizard flickers and vanishes!
Deactivating autopickup; reactivate with Ctrl-A.
The ball python barely misses you. The ball python constricts you.
You escape the ball python's grasp.
The adder attacks as you move away! The adder barely misses you.
You feel sick.
You hit the adder but do no damage.
The adder looks as sick as possible!
The adder is heavily wounded.
You feel sick. The adder completely misses you. The endoplasm freezes you.
You are frozen.
You resist.
The orc priest attacks as you move away!
The orc priest barely misses you. The endoplasm attacks as you move away!
The endoplasm barely misses you.
You feel sick.
You kill the adder!
You have reached level 4!
You feel agile.
You begin to heal more quickly.
You hit the orc priest but do no damage.
The orc priest is poisoned.
You feel sick. The orc priest barely misses you.
You closely miss the orc priest. You bite the orc priest. You drain its power.
You feel invigorated.
The orc priest is moderately wounded.
You feel sick.
The orc priest hits you with a +0 dagger.
You closely miss the orc priest.
You bite the orc priest, but do no damage.
The orc priest is moderately wounded.
You feel sick.
You are no longer poisoned.
The orc priest invokes the aid of Beogh against you.
Beogh smites you!
You die...

#. .## ... ###..##### #.#
#......... #.# #........)
#.# #....(.... #.#
#......... #.
#.####S.o......
#.##########...@oJ.o......
#.).........[####...>:....
####..######.# ##########
###.......# #.#
....#####.....# #####
#####


You could see an orc priest (very poisoned), 2 orcs, an endoplasm and a ball
python.

Vanquished Creatures
  2 adders
  A worm (D:3)
  A ball python (D:2)
  4 endoplasms
  2 giant cockroaches
  7 hobgoblins
  4 jackals (D:1)
  2 quokkas
  2 bats
  4 goblins
  3 kobolds (D:1)
  4 rats
36 creatures vanquished.

Notes
Turn   | Place    | Note
-------+----------+-------------------------------------------
     0 | D:1      | Twinkles the Vine Stalker Brigand began the quest for the
                  | Orb.
     0 | D:1      | Reached XP level 1. HP: 11/11 MP: 2/2
    65 | D:1      | Found Lymeint's General Store.
   194 | D:1      | Reached skill level 1 in Dodging
   194 | D:1      | Reached XP level 2. HP: 15/15 MP: 3/3
   204 | D:1      | Reached skill level 5 in Stealth
   622 | D:1      | Reached XP level 3. HP: 18/18 MP: 4/4
  1035 | D:2      | Found a faded altar of an unknown god.
  1044 | D:2      | Prayed at the altar of an unknown god.
  1044 | D:2      | Became a worshipper of Uskayaw the Reveller
  1044 | D:2      | Reached * piety under Uskayaw
  1070 | D:2      | Found Gakiure's General Store.
  1471 | D:3      | Gained mutation: Your natural rate of healing is unusually
                  | fast. [Vine Stalker growth]
  1471 | D:3      | Reached XP level 4. HP: 12/23 MP: 3/5
  1473 | D:3      | Killed from afar by an orc priest

Illustrated notes

Levels and vault maps discovered:
D:1:      ncdulo_halloftheorcs, layout_basic, serial_shops, nicolae_shop_crystal
D:2:      layout_loops_ring, serial_shops, shop,
          dreamdust_ecumenical_altar_grove
D:3:      layout_rooms, grunt_qazlal_sundering, portal_sewer_entry_b

Skill      XL: |  1  2 |
---------------+-------+-----
Dodging        | 1 |  1.4
Short Blades   | 2 |  2.2
Stealth        | 5 |  5.3
Fighting       | 2 |  2.2
Throwing       | 2 |  2.2
Invocations    | |  0.5

Action                   |  1- 3 |  4- 6 || total
-------------------------+-------+-------++-------
Melee: Dagger            |    92 |     3 ||    95
       Bite              |    15 |     2 ||    17
       Punch             |     2 |       ||     2
Throw: Dart              |     1 |       ||     1
 Stab: Sleeping          |     7 |       ||     7
       Distracted        |     1 |       ||     1
Armor: Robe              |     4 |       ||     4
       Scale mail        |    38 |       ||    38
       Leather armour    |     1 |       ||     1
Dodge: Dodged            |    54 |     1 ||    55

Table legend: (Time is in decaauts)
 A = Elapsed time spent in this place.
 B = Non-inter-level travel time spent in this place.
 C = Inter-level travel time spent in this place.
 D = Time resting spent in this place.
 E = Time spent auto-exploring this place.
 F = Levels seen in this place.
 G = Mean time per level.
                   A        B        C        D        E       F      G
               +--------+--------+--------+--------+--------+-----+--------+
         Total |   1461 |   1390 |     71 |      0 |   1070 |   3 |  487.0 |
       Dungeon |   1461 |   1390 |     71 |      0 |   1070 |   3 |  487.0 |
               +--------+--------+--------+--------+--------+-----+--------+

Top non-repeatable levels by time:
     D:1: 719 daAuts
     D:2: 673 daAuts
     D:3: 68 daAuts
